 Dungeon Crawl Stone Soup version 0.31.0-9-g3a7656b989 (webtiles) character file.

Game seed: 17927062741958116952

21 qw the Shooter (level 2, -3/16 HPs)
             Began as a Deep Elf Hunter on Feb 2, 2024.
             Slain by a gnoll
             ... wielding a +0 spear
              (7 damage)
             ... on level 2 of the Dungeon.
             The game lasted 00:00:01 (658 turns).

qw the Shooter (Deep Elf Hunter)                     Turns: 658, Time: 00:00:02

Health: -3/16      AC:  3    Str:  8    XL:     2   Next: 62%
Magic:  4/4        EV:  6    Int: 13    God:
Gold:   42         SH:  0    Dex: 18    Spells: 1/1 levels left

rFire   . . .        a - +0 shortbow
rCold   . . .        (shield currently unavailable)
rNeg    . . .        c - +0 leather armour
rPois   .            (no helmet)
rElec   .            (no cloak)
rCorr   .            (no gloves)
SInv    .            (no boots)
Will    .....        (no amulet)
Stlth   ++           (no ring)
HPRegen 0.22/turn    (no ring)
MPRegen 0.09/turn

%: no passive effects
@: held
A: no striking features
a: no special abilities


You were on level 2 of the Dungeon.
You visited 1 branch of the dungeon, and saw 2 of its levels.

You collected 42 gold pieces.


   Skills:
 - Level 1.5 Fighting
 + Level 6.4 Ranged Weapons
 - Level 2.4 Dodging
 - Level 1.2 Stealth


You had one spell level left.
You didn't know any spells.
Your spell library was empty.

Inventory:

Hand Weapons
 a - a +0 shortbow (weapon)
Armour
 c - a +0 leather armour (worn)
Jewellery
 h - a ring of fire
Potions
 d - 2 potions of curing

Dungeon Overview and Level Annotations

Branches:
Dungeon (2/15)

Altars:


Message History

612 ||| READING scroll labelled QUINIT XAOPESM.
As you read the scroll labelled QUINIT XAOPESM, it crumbles to dust.
It is a scroll of identify.
612 ||| IDENTIFYING 2 yellow potions;
d - 2 potions of curing Done exploring.
613 ||| READING scroll labelled PARAGU IKONEDE.
As you read the scroll labelled PARAGU IKONEDE, it crumbles to dust.
It is a scroll of enchant armour.
613 ||| ENCHANTING +0 shortbow.
Done exploring.
614 ||| READING scroll labelled HIOGOU AR ENA.
As you read the scroll labelled HIOGOU AR ENA, it crumbles to dust.
It is a scroll of amnesia.
You feel forgetful for a moment.
Done exploring.
615 ||| DROPPING scroll of butterflies.
You drop a scroll of butterflies.
Done exploring.
What level of the Dungeon? (default 1, ? - help)
You see here a +0 dagger.
There is a stone staircase leading down here.
You climb downwards.
Found a scroll labelled ANWYOG SUIRE.
Found an escape hatch in the floor.
Found a stone staircase leading up.
There is a stone staircase leading up here.
There are monsters nearby!
Waypoint 1 assigned to D:2.
You shoot an arrow. The arrow hits the gnoll.
The gnoll is moderately wounded.
The goblin shouts!
The gnoll shouts!
The gnoll throws a throwing net.
The throwing net hits you.
You become entangled in the net!
You struggle against the net.
The bat hits you but does no damage.
The gnoll hits you from afar with a +0 spear!
You struggle against the net.
The goblin hits you but does no damage.
The gnoll hits you from afar with a +0 spear.
The gnoll barely misses you.
You struggle against the net.
The bat hits you but does no damage. The goblin hits you with a +0 club.
The gnoll barely misses you.
The gnoll hits you from afar with a +0 spear!
You die...

#########
####........
...........
#####..........
#....}.?.}.....
#......g..b....
#..}...@...}..<
#....gg........
#....}g..}.....
#.>.......#...#
#......##.. ###
##..... ##.
###### .. ..


You could see 3 gnolls, a goblin and a bat.

Vanquished Creatures
  2 ball pythons (D:1)
  3 endoplasms (D:1)
  2 giant cockroaches (D:1)
  3 goblins (D:1)
  2 hobgoblins (D:1)
  A quokka (D:1)
  A frilled lizard (D:1)
  3 rats (D:1)
17 creatures vanquished.

Notes
Turn   | Place    | Note
-------+----------+-------------------------------------------
     0 | D:1      | qw the Deep Elf Hunter began the quest for the Orb.
     0 | D:1      | Reached XP level 1. HP: 12/12 MP: 3/3
     0 | D:1      | 0 ||| qw: Version: 0.3-a-155-g5e7d8dd
     0 | D:1      | 0 ||| qw: Game counter: 1067
     0 | D:1      | 0 ||| qw: Melee chars always use a shield: true
     0 | D:1      | 0 ||| qw: God list: Okawaru
     0 | D:1      | 0 ||| qw: Allow faded altars: false
     0 | D:1      | 0 ||| qw: Do Orc after clearing Dungeon:15 true
     0 | D:1      | 0 ||| qw: Do second Lair branch before Depths: true
     0 | D:1      | 0 ||| qw: Lair rune preference: random
     0 | D:1      | 0 ||| qw: Goals: Normal
     0 | D:1      | 0 ||| PLANNING D:1-11
   146 | D:1      | Reached XP level 2. HP: 16/16 MP: 4/4
   155 | D:1      | Reached skill level 6 in Ranged Weapons
   612 | D:1      | 612 ||| READING scroll labelled QUINIT XAOPESM.
   612 | D:1      | 612 ||| IDENTIFYING 2 yellow potions
   613 | D:1      | 613 ||| READING scroll labelled PARAGU IKONEDE.
   613 | D:1      | 613 ||| ENCHANTING +0 shortbow.
   614 | D:1      | 614 ||| READING scroll labelled HIOGOU AR ENA.
   615 | D:1      | 615 ||| DROPPING scroll of butterflies.
   658 | D:2      | HP: 4/16 [goblin/+0 club (2)]
   658 | D:2      | Slain by a gnoll

Levels and vault maps discovered:
D:1:      mainiacjoe_arrival_oval_in_oval, layout_loops_ring,
          chequers_serial_rivers_small_b
D:2:      layout_rooms, basic_altar, ebering_ecumenical_altar_sacrificial,
          grunt_ministairs_2

Skill      XL: |  1  2 |
---------------+-------+-----
Ranged Weapons | 6 |  6.4
Fighting       | |  1.5
Dodging        | |  2.4
Stealth        | |  1.2

Action                     || total
---------------------------++-------
   Fire: Shortbow          ||    33
    Use: Scroll            ||     3
 Armour: Leather armour    ||     8
  Dodge: Dodged            ||     2

Table legend:
 A = Non-vault XP
 B = Vault XP
 C = Vault XP percentage of total XP
 D = Non-vault monster count
 E = Vault monster count
 F = Vault count percentage of total count
                 A         B        C        D         E       F
            +---------+---------+-------+---------+---------+-------
      Total |      30 |       0 |   0.0 |      17 |       0 |   0.0
            +---------+---------+-------+---------+---------+-------
        D:1 |      30 |       0 |   0.0 |      17 |       0 |   0.0
            +---------+---------+-------+---------+---------+-------
